 Dungeon Crawl Stone Soup version 0.28.0-45-g0d030f2227 (webtiles) character file.

Game seed: 17942587364620859713

81 NinjaNoafa the Ruffian (level 4, 0/54 (55) HPs)
             Began as a Draconian Transmuter on Apr 4, 2022.
             Slain by an orc
             ... wielding a +0 hand axe
              (2 damage)
             ... on level 3 of the Dungeon.
             The game lasted 00:09:00 (2412 turns).

NinjaNoafa the Ruffian (Draconian Transmuter)       Turns: 2412, Time: 00:09:01

HP:   0/54 (55)     AC:  5    Str: 14      XL:     4   Next: 19%
MP:   7/7           EV: 12    Int: 11 (13) God:
Gold: 49            SH:  0    Dex: 12      Spells: 6/7 levels left

rFire   . . .      SeeInvis .   d - +1 war axe (flame)
rCold   . . .      Faith    .   (no shield)
rNeg    . . .      Spirit   .   (armour unavailable)
rPois   +          Reflect  .   a - +0 hat
rElec   .          Harm     .   (no cloak)
rCorr   .          Rampage  .   (no gloves)
Will    .....                   (no boots)
Stlth   ..........              (no amulet)
HPRegen 0.18/turn               e - ring of poison resistance
MPRegen 0.10/turn               (no ring)

@: berserking, lightly drained, very quick
A: AC +5, unfitting armour, cold-blooded
a: no special abilities


You were on level 3 of the Dungeon.
You visited 1 branch of the dungeon, and saw 4 of its levels.

You collected 49 gold pieces.

Inventory:

Hand Weapons
 d - a +1 war axe of flaming (weapon)
 g - a +0 dagger of draining
Missiles
 c - 17 stones
 f - 20 sling bullets
Armour
 a - a +0 hat (worn)
Magical Staves
 h - a staff of cold
Jewellery
 e - a ring of poison resistance (left hand)
Scrolls
 b - 4 scrolls of teleportation
 i - a scroll of fog {unknown}
Potions
 k - a potion of lignification


   Skills:
 + Level 2.4 Fighting
 + Level 2.2 Dodging
 * Level 1.1 Stealth
 - Level 3.2 Unarmed Combat
 + Level 2.3 Spellcasting
 + Level 2.6 Transmutations
 * Level 0.2 Ice Magic
 * Level 0.1 Evocations


You had 6 spell levels left.
You knew the following spells:

 Your Spells              Type           Power      Damage    Failure   Level
a - Beastly Appendage     Tmut           14%        N/A       10%         1

Your spell library contained the following spells:

 Spells                   Type           Power      Damage    Failure   Level
 Wereblood                Tmut           7%         N/A       14%         2
 Passwall                 Tmut/Erth      3%         N/A       26%         2
 Ensorcelled Hibernation  Hex/Ice        2%         N/A       38%         2
 Sublimation of Blood     Necr           1%         N/A       41%         2
 Spider Form              Tmut/Pois      4%         N/A       45%         3
 Swiftness                Air            1%         N/A       65%         3
 Ice Form                 Ice/Tmut       4%         N/A       83%         4
 Summon Hydra             Summ           0%         N/A       100%        7


Dungeon Overview and Level Annotations

Branches:
Dungeon (4/15)
 Temple: D:4-7

Altars:


Innate Abilities, Weirdness & Mutations

Your plain brown scales are hard. (AC +5)
You cannot fit into any form of body armour.
You are cold-blooded and may be slowed by cold attacks.


Message History

The orc hits you with a +0 hand axe.
You hit the orc but do no damage.
Your tail-slap misses the orc.
The orc is severely wounded.
You closely miss the orc. The orc closely misses you.
The orc hits you with a +0 hand axe.
The orc hits you with a +1 mace of holy wrath.
* * * LOW HITPOINT WARNING * * *
The orc misses you.
It was a potion of berserk rage.
A red film seems to cover your vision as you go berserk!
You feel yourself moving faster!
You feel mighty!
The orc priest casts a cantrip, but nothing happens.
The orc closely misses you. The orc hits you with a +0 hand axe.
* * * LOW HITPOINT WARNING * * *
You barely miss the orc.
The orc is heavily wounded.
You slash the orc! You burn the orc.
You kill the orc!
The orc hits you with a +0 hand axe.
* * * LOW HITPOINT WARNING * * *
You barely miss the orc.
The orc is heavily wounded.
You slash the orc priest! You burn the orc priest.
The orc priest hits you with a +0 short sword.
* * * LOW HITPOINT WARNING * * *
The orc closely misses you.
You closely miss the orc.
The orc is heavily wounded.
You closely miss the orc priest.
The orc priest looks satisfied for a moment.
The orc barely misses you.
A goblin comes into view. It is wielding a +0 dagger.
You closely miss the orc priest.
The orc priest is almost dead.
You closely miss the orc.
The goblin shouts!
You hear a shout!
The orc priest hits you with a +0 short sword.
* * * LOW HITPOINT WARNING * * *
The orc hits you with a +0 hand axe.
You die...

#.## #...
#..# #..#
#..## #
... ...
#o##...g.
#@o......
#####....
.


You could see an orc priest, an orc and a goblin.

Vanquished Creatures
  Robin (D:2)
  An adder (D:4)
  A worm (D:2)
  2 dart slugs (D:1)
  3 orcs
  4 ball pythons
  A bat (D:1)
  3 endoplasms
  2 giant cockroaches (D:1)
  11 goblins
  8 hobgoblins
  4 kobolds
  A quokka (D:1)
  2 frilled lizards (D:1)
  2 rats (D:1)
46 creatures vanquished.

Notes
Turn   | Place    | Note
-------+----------+-------------------------------------------
     0 | D:1      | NinjaNoafa the Draconian Transmuter began the quest for the
                  | Orb.
     0 | D:1      | Reached XP level 1. HP: 16/16 MP: 3/3
    82 | D:1      | Reached XP level 2. HP: 20/23 MP: 3/5
   841 | D:2      | Reached XP level 3. HP: 10/25 MP: 4/6
  1030 | D:2      | Noticed Robin
  1053 | D:2      | Killed Robin
  1323 | D:2      | You fall into a shaft and drop 2 floors!
  1586 | D:4      | Reached XP level 4. HP: 35/35 MP: 7/7
  1694 | D:4      | Identified the +1 robe of Hangman {Rampage Will+ Int-4}
  1717 | D:4      | Reached skill level 1 in Stealth
  2203 | D:4      | Noticed a centaur
  2412 | D:3      | HP: 2/54 [orc priest/+0 short sword (4)]
  2412 | D:3      | Slain by an orc

Illustrated notes

Levels and vault maps discovered:
D:1:      lemuel_arrival_behind_the_door_small, layout_basic,
          grunt_decor_one_mirror, amethyst_killhole
D:2:      layout_basic, shapermc_ecumenical_altar_notcrosses, uniq_robin
D:3:      layout_loops_ring, gammafunk_ghost_split
D:4:      layout_basic, serial_corexii_hall, corexii_hall_statues_i,
          corexii_hall_statues_u

Skill      XL: |  1  2  3  4 |
---------------+-------------+-----
Dodging        | 2 |  2.2
Fighting       | 2 |  2.4
Stealth        | 1 |  1.1
Unarmed Combat | |  3.2
Spellcasting   | |  2.3
Transmutations | |  2.6
Ice Magic      | |  0.2
Evocations     | |  0.1

Action                   |  1- 3 |  4- 6 || total
-------------------------+-------+-------++-------
Melee: Unarmed           |   102 |       ||   102
       Kick              |     5 |     2 ||     7
       Headbutt          |     4 |       ||     4
       Tailslap          |     9 |     1 ||    10
       Punch             |     1 |     2 ||     3
       Dagger            |     7 |       ||     7
       Staff             |       |    14 ||    14
       War axe           |       |    11 ||    11
Throw: Stone             |     3 |       ||     3
 Cast: Beastly Appendage |     8 |     1 ||     9
  Use: Potion            |     3 |     1 ||     4
       Scroll            |     2 |     1 ||     3
 Stab: Sleeping          |     1 |     1 ||     2
Armor: Skin              |    44 |     9 ||    53
Dodge: Dodged            |    51 |    21 ||    72
